 Dungeon Sprint DCSS version 0.23-a0-629-gae4348f (webtiles) character file.

14 Lanoc the Cleaver (level 6, 0/60 HPs)
             Began as a Hill Orc Monk on Dec 27, 2018.
             Was an Elder of Beogh.
             Succumbed to a gnoll sergeant's poison
             ... in the Dungeon (Sprint VI: "Thunderdome").
             The game lasted 00:04:03 (241 turns).

Lanoc the Cleaver (Hill Orc Monk)                    Turns: 241, Time: 00:04:03

Health: 0/60       AC:  5    Str: 16    XL:     6   Next: 19%
Magic:  6/6        EV: 14    Int: 10    God:    Beogh [****..]
Gold:   40         SH:  0    Dex: 13    Spells: 5/5 levels left

rFire    + . .     SeeInvis .   a - +0 hand axe
rCold    + . .     Gourm    .   (no shield)
rNeg     . . .     Faith    .   h - +0 troll leather armour
rPois    +         Spirit   .   (no helmet)
rElec    +         Reflect  .   (no cloak)
rCorr    +         Harm     .   (no gloves)
MR       .....     NoTele   +   (no boots)
Stlth    ++........             (no amulet)
HPRegen  0.60/turn              (no ring)
MPRegen  0.10/turn              (no ring)

@: lethally poisoned (0 -> -2), resistant
A: no striking features
a: Smiting, Recall Orcish Followers, Renounce Religion


You were in the Dungeon.
You worshipped Beogh.
Beogh was greatly pleased with you.
You were not hungry.

You visited 1 branch You collected 220 gold pieces.
You spent 180 gold pieces at shops.

Inventory:

Hand Weapons
 a - a +0 hand axe (weapon)
Armour
 b - a +0 robe
 d - a +0 cloak
 h - a +0 troll leather armour (worn)
Wands
 j - a wand of acid (5)
 k - a wand of iceblast (5)
Scrolls
 i - 4 scrolls of blinking
 l - 3 scrolls of fog
Potions
 f - 4 potions of haste
 g - 2 potions of magic
Comestibles
 c - a ration
 n - 5 chunks of flesh


   Skills:
 + Level 7.0 Fighting
 * Level 10.1 Axes
 * Level 7.8 Armour
 + Level 4.7 Dodging
 - Level 1.5 Stealth


You had 5 spell levels left.
You didn't know any spells.
Your spell library was empty.

Dungeon Overview and Level Annotations

Branches:
Dungeon (1/1)

Altars:
Cheibriados
Dithmenos
Fedhas
Gozag
Kikubaaqudgha
Makhleb
Okawaru
Qazlal
Ru
Sif Muna
Trog
Uskayaw
Vehumet
Wu Jian
Xom
Yredelemnul
Zin
The Shining One
Beogh
Jiyva
Lugonu

Shops:
D *[%??*?*:[((!!!!


Message History

You feel sick.
* * * LOW HITPOINT WARNING * * *
You feel sick.
* * * LOW HITPOINT WARNING * * *
You feel sick.
* * * LOW HITPOINT WARNING * * *
You feel sick.
* * * LOW HITPOINT WARNING * * *
You feel sick.
* * * LOW HITPOINT WARNING * * *
You feel sick.
* * * LOW HITPOINT WARNING * * *
You feel sick.
There is an entrance to Syapp's Staff Store here.
* * * LOW HITPOINT WARNING * * *
You feel sick.
There is an entrance to Ofacyel's Must-Have Magic here.
* * * LOW HITPOINT WARNING * * *
You feel sick.
You die...

##### ##⌠⌠⌠## #.....#
##.....## ##∩...@.∩##
#∩.......∩# #_........#
#........_# #_......._#
###.........###
#⌠...........⌠#
######.8.........8.######
##∩__.......###......___∩##


There were no monsters in sight!

Vanquished Creatures
  Sigmund (D)
  A gnoll sergeant (D)
  Crazy Yiuf (D)
  A gnoll (D)
  An adder (D)
  An adder skeleton (D)
  A leopard gecko (D)
  An orc (D)
  A frilled lizard (D)
9 creatures vanquished.

Notes
Turn   | Place    | Note
-------+----------+-------------------------------------------
     0 | D        | Lanoc the Hill Orc Monk began the quest for the Orb.
     0 | D        | Reached XP level 1. HP: 19/19 MP: 1/1
     1 | D        | Found a hide-covered altar of Uskayaw.
     1 | D        | Found a shimmering altar of Xom.
     2 | D        | Found a radiant altar of Vehumet.
     2 | D        | Found a blossoming altar of Fedhas.
     3 | D        | Found a sacrificial altar of Ru.
     4 | D        | Found a glowing golden altar of the Shining One.
     4 | D        | Found Syapp's Staff Store.
     4 | D        | Found Houvosch's Magic Scroll Shop.
     5 | D        | Found Ofacyel's Must-Have Magic.
     5 | D        | Found Wamel's Magic Scroll Shop.
     5 | D        | Round 1.
     9 | D        | Found a corrupted altar of Lugonu.
    10 | D        | Found a viscous altar of Jiyva.
    11 | D        | Found Waigoir's Delicious Food.
    12 | D        | Found Soadakhe's Jewellery.
    12 | D        | Found Fiummad's Advanced Armour.
    13 | D        | Found a burning altar of Makhleb.
    13 | D        | Found a roughly hewn altar of Beogh.
    13 | D        | Found a deep blue altar of Sif Muna.
    13 | D        | Found Nog Lyom's Identification Station.
    16 | D        | Reached skill level 1 in Armour
    18 | D        | Found an iron altar of Okawaru.
    22 | D        | Became a worshipper of Beogh the Brigand
    22 | D        | Reached * piety under Beogh
    22 | D        | Reached ** piety under Beogh
    35 | D        | Reached skill level 5 in Axes
    35 | D        | Reached XP level 2. HP: 10/27 MP: 2/2
    76 | D        | Reached *** piety under Beogh
    80 | D        | Found an opulent altar of Gozag.
    81 | D        | Found Durib's Distillery.
    81 | D        | Found a stormy altar of Qazlal.
    81 | D        | Found an ancient bone altar of Kikubaaqudgha.
    81 | D        | Found a bloodstained altar of Trog.
    81 | D        | Found Xoes Gull's Do-It-Yourself Clinic.
    82 | D        | Found Ymejo's Distillery.
    82 | D        | Found Ezuoplit's Bottled Wisdom.
    87 | D        | Found an ornate altar of the Wu Jian Council.
    88 | D        | Found a basalt altar of Yredelemnul.
    89 | D        | Found a snail-covered altar of Cheibriados.
    90 | D        | Found Koaroih's Weapon Rack.
    90 | D        | Noticed Sigmund
    91 | D        | Found Keotaff's Basic Armour.
    91 | D        | Found Segiet's Miscellaneous Merchandise.
    92 | D        | Found a shadowy altar of Dithmenos.
    92 | D        | Found a glowing silver altar of Zin.
    92 | D        | Found Zofismann's Premium Goods.
   103 | D        | HP: 2/42 [something (6)]
   109 | D        | Killed Sigmund
   109 | D        | Arena points: 14 (+14) [x2]
   109 | D        | Reached skill level 9 in Axes
   109 | D        | Reached XP level 3. HP: 3/37 MP: 3/3
   109 | D        | Reached XP level 4. HP: 4/44 MP: 4/4
   109 | D        | Reached XP level 5. HP: 5/50 MP: 5/5
   122 | D        | Bought a +0 troll leather armour for 180 gold pieces
   160 | D        | Round 2.
   161 | D        | Noticed Crazy Yiuf
   175 | D        | HP: 2/50 [Crazy Yiuf/+2 quarterstaff of chaos (6)]
   182 | D        | Killed Crazy Yiuf
   216 | D        | Reached **** piety under Beogh
   216 | D        | Reached skill level 10 in Axes
   216 | D        | Reached XP level 6. HP: 35/60 MP: 3/6
   236 | D        | HP: 2/60 [poisoned by a gnoll sergeant]
   241 | D        | Succumbed to a gnoll sergeant's poison

Vault maps used:
D:        arena_sprint

Skill      XL: |  1  2  3  4  5 |
---------------+----------------+-----
Armour         | 2 6 7 |  7.8
Fighting       | 4 6 7 |  7.0
Axes           | 5 9 10 | 10.1
Dodging        | 4 |  4.7
Stealth        | |  1.5

Action                   |  1- 3 |  4- 6 || total
-------------------------+-------+-------++-------
Melee: Hand axe          |    35 |    35 ||    70
  Use: Potion            |     1 |     6 ||     7
Armor: Robe              |     2 |       ||     2
       Troll leather arm |       |     5 ||     5
Dodge: Dodged            |    16 |    10 ||    26

Table legend:
 A = Non-vault XP
 B = Vault XP
 C = Vault XP percentage of total XP
 D = Non-vault monster count
 E = Vault monster count
 F = Vault count percentage of total count
                 A         B        C        D         E       F
            +---------+---------+-------+---------+---------+-------
      Total |     378 |       0 |   0.0 |       9 |       0 |   0.0
            +---------+---------+-------+---------+---------+-------
          D |     378 |       0 |   0.0 |       9 |       0 |   0.0
            +---------+---------+-------+---------+---------+-------
